Map: Ascension to Aiur LE

Players

herO

  • Race: Protoss Protoss
  • League: Master
  • Spawn Location: 11:00

Rogue - Winner!

  • Race: Zerg Zerg
  • Spawn Location: 5:00

VOD

Have the link to the VOD?

Description

Time

  • Played on: July 30, 2017, 12:51 a.m.
  • Length: 17:33
Show
View Real Time Build Order
Export as new Build Order

herO Protoss 

Build Orders: 1 Gate Expand 

Get SALT Encoding   

  12  0:00  Probe (Chrono Boost)  
  13  0:11  Probe (Chrono Boost)  
  14  0:17  Pylon  
  14  0:22  Probe (Chrono Boost)  
  15  0:35  Probe (Chrono Boost)  
  16  0:38  Gateway  
  16  0:42  Assimilator  
  16  0:46  Probe (Chrono Boost)  
  17  0:56  Probe (Chrono Boost)  
  18  1:07  Probe (Chrono Boost)  
  19  1:22  Nexus  
  19  1:23  Probe (Chrono Boost)  
  20  1:35  Cybernetics Core  
  20  1:37  Probe (Chrono Boost)  
  21  1:43  Assimilator  
  21  1:48  Probe (Chrono Boost)  
  21  1:53  Pylon  
  22  1:58  Probe (Chrono Boost)  
  23  2:11  Adept (Chrono Boost), Probe (Chrono Boost), Warp Gate (Chrono Boost)  
  26  2:20  Twilight Council  
  26  2:23  Probe  
  27  2:33  Probe  
  27  2:35  Probe  
  27  2:36  Adept (Chrono Boost)  
  31  2:41  Pylon  
  31  2:46  Probe (Chrono Boost)  
  31  2:48  Probe (Chrono Boost)  
  31  2:50  Resonating Glaives (Chrono Boost)  
  33  2:56  Probe  
  34  2:59  Probe  
  35  3:07  Gateway  
  35  3:12  Gateway  
  35  3:13  Probe  
  35  3:17  Probe  
  37  3:21  Adept  
  37  3:24  Probe  
  40  3:29  Probe  
  41  3:35  Probe  
  43  3:41  Probe  
  43  3:49  Probe, Stargate  
  43  3:50  Stargate  
  43  3:53  Pylon, Probe  
  43  3:54  Assimilator  
  45  4:00  Assimilator  
  45  4:02  Probe (Chrono Boost)  
  46  4:07  Probe (Chrono Boost)  
  47  4:11  Adept x2  
  47  4:12  Adept  
  47  4:16  Probe (Chrono Boost)  
  54  4:19  Probe (Chrono Boost)  
  54  4:23  Pylon  
  55  4:27  Probe (Chrono Boost)  
  58  4:32  Mothership Core (Chrono Boost)  
  58  4:34  Adept x2  
  62  4:42  Adept  
  60  4:46  Probe (Chrono Boost)  
  60  4:48  Phoenix x2 (Chrono Boost)  
  60  4:51  Probe  
  64  4:59  Probe  
  62  5:03  Probe  
  63  5:11  Adept x3  
  69  5:14  Pylon  
  69  5:15  Pylon  
  69  5:20  Probe x2, Phoenix (Chrono Boost)  
  67  5:23  Pylon  
  67  5:27  Phoenix (Chrono Boost)  
  65  5:35  Adept x2  
  69  5:36  Adept  
  69  5:42  Phoenix (Chrono Boost)  
  73  5:49  Phoenix (Chrono Boost)  
  75  5:52  Pylon  
  75  5:58  Adept x3  
  81  6:06  Pylon  
  81  6:08  Phoenix (Chrono Boost)  
  83  6:18  Adept x3  
  83  6:24  Phoenix (Chrono Boost)  
  91  6:32  Phoenix (Chrono Boost)  
  93  6:41  Nexus  
  93  6:43  Probe x2 (Chrono Boost)  
  95  6:49  Pylon  
  95  6:53  Robotics Facility  
  95  6:56  Sentry x2  
  95  6:58  Probe x2 (Chrono Boost)  
  101  7:03  Sentry  
  103  7:09  Pylon, Probe (Chrono Boost)  
  103  7:11  Forge  
  103  7:13  Probe (Chrono Boost)  
  90  7:19  Probe (Chrono Boost)  
  87  7:26  Probe (Chrono Boost)  
  77  7:30  Probe (Chrono Boost)  
  77  7:39  Probe (Chrono Boost)  
  77  7:40  Probe (Chrono Boost)  
  77  7:49  Protoss Ground Weapons Level 1 (Chrono Boost), Immortal (Chrono Boost)  
  73  7:53  Probe  
  73  7:55  Probe x2, Photon Cannon  
  74  8:03  Sentry, Gateway  
  76  8:06  Probe (Chrono Boost)  
  76  8:07  Probe x2 (Chrono Boost)  
  76  8:09  Sentry  
  80  8:17  Robotics Facility  
  80  8:19  Probe (Chrono Boost)  
  81  8:20  Probe x2 (Chrono Boost)  
  81  8:24  Pylon  
  83  8:32  Probe x2 (Chrono Boost)  
  85  8:36  Immortal (Chrono Boost)  
  85  8:39  Probe (Chrono Boost)  
  88  8:42  Probe x2 (Chrono Boost)  
  88  8:44  Assimilator x2  
  90  8:48  Probe  
  90  8:50  Templar Archives  
  90  8:51  Probe  
  92  8:57  Probe  
  92  8:59  Probe  
  92  9:00  Gateway  
  94  9:02  Probe  
  94  9:06  Gateway  
  94  9:08  Pylon  
  95  9:11  Immortal (Chrono Boost)  
  99  9:17  Immortal (Chrono Boost)  
  103  9:28  Probe x3  
  106  9:31  Zealot, High Templar x2  
  106  9:35  Psionic Storm  
  106  9:36  Gateway  
  106  9:37  Gateway  
  112  9:38  Photon Cannon  
  112  9:41  Pylon  
  112  9:51  Immortal  
  112  9:52  Photon Cannon  
  106  10:01  Probe x3  
  106  10:02  Observer  
  106  10:06  Protoss Ground Weapons Level 2 (Chrono Boost)  
  110  10:13  Probe x2  
  112  10:22  High Templar x2  
  112  10:24  Pylon  
  113  10:31  Probe x3  
  113  10:33  Photon Cannon  
  113  10:35  Pylon  
  114  10:41  Nexus  
  114  10:44  High Templar x2  
  114  10:47  Probe x2  
  114  10:48  Probe  
  121  10:51  Photon Cannon  
  121  10:55  Pylon  
  121  10:58  Photon Cannon  
  121  11:00  Immortal  
  121  11:08  High Templar x2  
  121  11:10  Immortal  
  133  11:22  Archon  
  133  11:26  Assimilator  
  133  11:28  Charge  
  133  11:29  Zealot x4  
  133  11:30  Assimilator  
  141  11:36  Immortal  
  141  11:44  Immortal  
  141  11:46  Photon Cannon  
  145  11:54  Zealot, High Templar x2  
  151  11:58  Archon  
  151  12:00  Zealot  
  157  12:01  Pylon  
  157  12:09  Fleet Beacon  
  157  12:13  Probe  
  158  12:18  Photon Cannon, High Templar  
  158  12:19  High Templar  
  158  12:20  Pylon  
  162  12:23  Archon  
  162  12:24  Probe  
  162  12:25  Warp Prism  
  162  12:29  Protoss Ground Weapons Level 3 (Chrono Boost)  
  165  12:34  Probe  
  160  12:44  Warp Prism  
  160  12:48  Dark Shrine  
  162  12:54  Stalker  
  162  13:06  Immortal  
  165  13:15  Immortal  
  165  13:16  High Templar x2  
  165  13:17  Zealot x4  
  183  13:24  Probe  
  183  13:25  Probe x2  
  183  13:26  Probe  
  180  13:27  Archon  
  180  13:28  High Templar  
  180  13:30  Gateway  
  182  13:39  High Templar x2  
  182  13:40  High Templar  
  186  13:43  Archon  
  186  13:45  Archon  
  186  13:47  Probe  
  187  13:48  Probe x2  
  187  13:49  Probe  
  187  13:54  Gateway  
  190  14:00  Gateway  
  188  14:06  Dark Templar x3  
  188  14:09  Dark Templar  
  194  14:10  Archon  
  194  14:12  Archon  
  194  14:13  Pylon  
  194  14:16  Observer, Photon Cannon  
  195  14:43  Protoss Ground Armor Level 1 (Chrono Boost)  
  127  14:57  Immortal x2  
  127  14:59  Zealot x6  
  125  15:06  Gateway  
  124  15:27  Archon  
  102  15:29  Zealot x6  
  106  15:36  Immortal (Chrono Boost)  
  96  15:46  Immortal (Chrono Boost)  
  82  16:01  High Templar x3  
  82  16:02  High Templar x3  
  80  16:06  Archon x2  
  80  16:07  Archon  
  80  16:32  Pylon, Probe x3  
  79  16:44  Probe x3  
  82  16:50  Zealot x3  
  81  16:56  Probe x3  
  84  17:08  Probe x2  
  86  17:10  Probe  
  87  17:18  Zealot  
  87  17:19  Zealot x2  
  87  17:20  Probe x2  
  95  17:24  Twilight Council  
Show
View Real Time Build Order
Export as new Build Order

Rogue Zerg - Winner!

Build Orders: Hatch First 

Get SALT Encoding   

  12  0:00  Drone  
  13  0:11  Overlord  
  13  0:16  Drone  
  14  0:30  Drone x2  
  16  0:47  Hatchery  
  15  0:51  Drone  
  15  0:54  Drone  
  17  0:57  Drone  
  18  1:08  Extractor  
  17  1:12  Spawning Pool  
  17  1:16  Drone  
  17  1:19  Drone  
  18  1:27  Drone  
  19  1:39  Overlord  
  19  1:49  Drone  
  20  1:59  Queen x2  
  20  2:00  Zergling x2  
  26  2:01  Zergling x2  
  26  2:07  Metabolic Boost  
  26  2:13  Drone  
  26  2:14  Drone  
  28  2:20  Drone  
  28  2:21  Drone  
  30  2:31  Drone  
  30  2:35  Drone  
  32  2:43  Hatchery  
  31  2:48  Pneumatized Carapace  
  31  2:52  Drone  
  31  2:56  Overlord  
  32  2:59  Drone  
  32  3:00  Drone  
  32  3:05  Drone  
  35  3:06  Drone  
  36  3:18  Drone x5  
  41  3:26  Overlord  
  41  3:30  Drone x2  
  43  3:37  Drone  
  43  3:38  Overlord  
  44  3:49  Evolution Chamber  
  44  3:50  Queen x2  
  48  3:55  Zergling x4  
  48  3:56  Zergling x6  
  48  3:59  Zergling x2  
  53  4:07  Drone  
  53  4:08  Drone x2  
  56  4:15  Drone  
  56  4:16  Queen  
  59  4:21  Drone x7  
  59  4:23  Zerg Melee Weapons Level 1  
  66  4:31  Overlord  
  66  4:40  Overlord  
  66  4:43  Overlord  
  63  4:47  Drone x3  
  63  4:48  Overlord  
  63  4:52  Zergling x8  
  69  4:53  Zergling x2  
  69  4:55  Queen  
  69  4:56  Queen  
  69  4:58  Zergling x2  
  67  5:07  Zergling x6  
  64  5:14  Zergling x6  
  64  5:15  Zergling x8  
  64  5:20  Lair  
  70  5:22  Drone  
  69  5:32  Drone x4  
  73  5:36  Drone x2, Queen  
  73  5:37  Queen  
  73  5:41  Baneling Nest  
  77  5:45  Spore Crawler  
  77  5:48  Zergling x8  
  80  5:50  Spore Crawler  
  80  5:53  Spore Crawler  
  80  5:56  Zergling x2  
  80  5:57  Extractor x2, Zergling x8  
  81  6:06  Spine Crawler  
  81  6:07  Spine Crawler  
  81  6:09  Spine Crawler  
  78  6:11  Zergling x6  
  78  6:12  Zergling x2  
  83  6:20  Overlord  
  83  6:25  Baneling  
  83  6:26  Baneling x8  
  83  6:27  Zergling x10  
  83  6:31  Overlord  
  87  6:35  Overlord  
  87  6:43  Extractor  
  87  6:44  Extractor  
  87  6:46  Drone x6  
  89  6:47  Drone  
  89  6:51  Drone x2, Spore Crawler  
  89  7:00  Drone x3  
  89  7:01  Drone x3  
  94  7:02  Drone  
  94  7:07  Drone x3  
  96  7:13  Zergling x2  
  96  7:15  Zergling x2  
  96  7:17  Baneling  
  90  7:25  Zergling x4  
  90  7:29  Zergling x14  
  93  7:36  Hydralisk Den  
  89  7:39  Drone x5  
  86  7:46  Drone x3  
  86  7:49  Zerg Melee Weapons Level 2  
  86  7:50  Spore Crawler  
  83  7:54  Drone x2  
  80  8:05  Drone x3  
  83  8:07  Extractor  
  83  8:09  Overlord  
  82  8:14  Drone  
  82  8:17  Overseer  
  82  8:18  Extractor  
  82  8:20  Drone x3  
  82  8:21  Drone x2  
  87  8:30  Drone x3  
  81  8:34  Hatchery  
  81  8:36  Drone x2  
  81  8:37  Drone x4  
  84  8:47  Drone x5  
  84  8:48  Drone  
  89  8:55  Drone x3  
  92  9:04  Muscular Augments  
  92  9:05  Hydralisk x2  
  96  9:14  Baneling x2  
  96  9:15  Overlord x2  
  96  9:18  Overlord x2  
  96  9:19  Overlord  
  92  9:26  Baneling x2  
  92  9:29  Overlord  
  92  9:31  Overlord  
  92  9:32  Baneling x4  
  92  9:35  Drone x3  
  92  9:36  Drone x4  
  99  9:46  Drone x7  
  99  9:48  Drone  
  106  9:58  Hydralisk x4  
  106  9:59  Hydralisk  
  112  10:05  Spore Crawler  
  111  10:09  Overlord  
  111  10:15  Hydralisk x3, Zerg Missile Weapons Level 1  
  111  10:16  Hydralisk  
  118  10:30  Hatchery  
  118  10:31  Hydralisk x2  
  118  10:32  Hydralisk x2  
  125  10:39  Drone x3  
  125  10:40  Drone  
  129  10:44  Hydralisk x5  
  129  10:48  Overlord x2  
  139  10:51  Overlord  
  139  10:58  Overseer  
  139  11:01  Overlord  
  139  11:04  Overlord  
  139  11:05  Zergling x10  
  139  11:08  Overlord  
  143  11:17  Zergling x28  
  157  11:24  Zergling x2  
  157  11:25  Zergling x6  
  161  11:28  Infestation Pit  
  161  11:31  Zergling x6  
  161  11:32  Baneling x6  
  163  11:33  Baneling x11  
  161  11:43  Zergling x22  
  172  11:47  Drone  
  172  11:48  Drone  
  172  11:50  Drone  
  172  11:51  Drone  
  172  11:53  Baneling x3  
  175  11:55  Baneling  
  175  11:56  Baneling x5  
  175  11:57  Baneling x9, Drone  
  175  11:58  Drone  
  177  12:04  Centrifical Hooks, Spore Crawler  
  176  12:14  Hive  
  176  12:15  Drone x4  
  180  12:16  Spire  
  180  12:17  Extractor  
  180  12:19  Drone x4  
  182  12:24  Overlord  
  182  12:27  Drone x2  
  184  12:39  Swarm Host x2, Overlord  
  189  12:45  Zergling x10  
  189  12:46  Zergling x8  
  189  12:50  Overlord  
  198  13:06  Drone x2  
  198  13:07  Overseer  
  200  13:20  Hatchery  
  196  13:41  Greater Spire  
  196  13:55  Extractor  
  196  13:56  Extractor  
  196  14:01  Extractor, Spine Crawler  
  196  14:02  Spine Crawler x2  
  189  14:06  Hatchery  
  188  14:14  Zerg Melee Weapons Level 3  
  188  14:16  Evolution Chamber  
  187  14:21  Corruptor  
  187  14:22  Corruptor x5  
  199  14:28  Baneling  
  199  14:29  Baneling x19  
  199  14:30  Zergling x2  
  200  14:33  Baneling x17  
  200  14:34  Baneling x17  
  184  14:45  Zergling x2  
  184  14:46  Zergling x8  
  160  14:53  Hydralisk x3  
  160  14:54  Zergling x26  
  160  14:55  Zergling x44  
  160  14:57  Zergling x14  
  199  15:01  Zergling x2  
  199  15:06  Overseer x4  
  196  15:12  Zergling x8  
  198  15:15  Baneling x18  
  198  15:16  Baneling x10  
  198  15:20  Zergling x10  
  198  15:21  Zergling x2  
  199  15:25  Zergling x20  
  199  15:26  Zergling x2  
  199  15:27  Zergling x2  
  168  15:33  Zergling x2  
  168  15:35  Zergling x4  
  156  15:37  Zergling x6  
  156  15:39  Zergling x4  
  156  15:41  Zergling x2  
  130  15:43  Zergling x2  
  130  15:46  Zergling x2  
  130  15:47  Zergling x2  
  130  15:49  Zergling x2  
  118  15:52  Drone  
  118  15:53  Drone  
  115  16:06  Drone x2, Brood Lord  
  115  16:08  Brood Lord  
  106  16:31  Brood Lord x4  
  109  16:33  Drone x4  
  112  16:53  Hatchery  
  111  17:01  Corruptor x3  
  112  17:10  Baneling x2  
  112  17:11  Baneling  
Tags
 
Add a new tag
Caveats
  • Supply blocks, unpowered buildings, or Contaminate may cause inaccurate times.
  • Supply counts are checked every 10 seconds.